 Dungeon Crawl Stone Soup version 0.31-a0-1225-g50297eb6a4 (webtiles) character file.

Game seed: 14438251515735699947

3105 Maratek the Fighter (level 9, 0/81 HPs)
             Began as a White Draconian Fighter on Dec 14, 2023.
             Was a Believer of Lugonu.
             Slain by a yak (9 damage)
             ... on level 8 of the Dungeon.
             The game lasted 00:12:29 (6969 turns).

Maratek the Fighter (White Draconian Fighter)       Turns: 6969, Time: 00:12:30

Health: 0/81       AC: 10    Str: 20    XL:     9   Next: 60%
Magic:  9/9        EV: 13    Int:  8    God:    Lugonu [**....]
Gold:   418        SH: 10    Dex: 14    Spells: 8/8 levels left

rFire   . . .        a - +3 war axe
rCold   + + .        p - +0 kite shield
rNeg    . . .        (body armour unavailable)
rPois   +            (helmet restricted)
rElec   +            (no cloak)
rCorr   +            m - +0 pair of gloves {Dex+3}
SInv    .            f - +1 pair of boots
Will    .....        s - amulet of faith
Stlth   +            e - ring "Fomull" {rElec rPois rC+ rCorr Int-3}
HPRegen 0.33/turn    (no ring)
MPRegen 0.11/turn

%: faith
@: brilliant, hasted, very quick
A: breathe frost, AC +7, unfitting armour, cold resistance 1, cold-blooded
a: Breathe Frost, Renounce Religion, Depart the Abyss, Banish


You were on level 8 of the Dungeon.
You worshipped Lugonu.
Lugonu was pleased with you.
You visited 2 branches of the dungeon, and saw 9 of its levels.

You collected 478 gold pieces.
You spent 60 gold pieces at shops.

Inventory:

Hand Weapons
 a - a +3 war axe (weapon)
 i - a +0 war axe
Missiles
 j - 2 throwing nets
Armour
 f - a +1 pair of boots (worn)
 m - a +0 pair of gloves of dexterity (worn)
 p - a +0 kite shield (worn)
Jewellery
 e - the ring "Fomull" (left hand) {rElec rPois rC+ rCorr Int-3}
   (You found it on level 2 of the Dungeon)

   [ring of protection from cold]

   Int-3:     It affects your intelligence (-3).
   rC+:       It protects you from cold.
   rElec:     It insulates you from electricity.
   rPois:     It protects you from poison rCorr: It protects you from acid and
   corrosion.
 s - an amulet of faith (around neck)
Wands
 o - a wand of roots (4)
 y - a wand of paralysis (7)
Scrolls
 b - 2 scrolls of fog
 l - 2 scrolls of revelation
 q - a scroll of amnesia
 r - 2 scrolls of blinking
 u - 4 scrolls of identify
 w - 3 scrolls of teleportation
Potions
 c - 2 potions of might
 d - a potion of ambrosia
 g - a potion of curing
 h - 2 potions of attraction
 n - 2 potions of haste


   Skills:
 * Level 8.1 Fighting
 * Level 7.0 Axes
 * Level 6.7 Dodging
 * Level 7.4 Shields


You had 8 spell levels left.
You didn't know any spells.
Your spell library contained the following spells:

 Spells                   Type           Power      Damage    Failure   Level
 Magic Dart               Conj           0%         1d3       67%         1
 Blink                    Tloc           0%         N/A       80%         2
 Call Imp                 Summ           0%         N/A       80%         2
 Lesser Beckoning         Tloc           0%         N/A       80%         2
 Mephitic Cloud           Conj/Pois/Air  0%         N/A       95%         3
 Tukima's Dance           Hex            0%         N/A       95%         3
 Dimensional Bullseye     Hex/Tloc       0%         N/A       100%        4
 Iskenderun's Mystic Bla  Conj/Tloc      0%         2d3       100%        4
 Manifold Assault         Tloc           0%         N/A       100%        4
 Arcjolt                  Conj/Air       0%         1d10      100%        5
 Freezing Cloud           Conj/Ice/Air   0%         6-21      100%        5


Dungeon Overview and Level Annotations

Branches:
Dungeon (8/15)             Temple (1/1) D:4
   Lair: D:8-11

Altars:
Dithmenos
Elyvilon
Fedhas
Gozag
Hepliaklqana
Kikubaaqudgha
Makhleb
Qazlal
Sif Muna
Trog
Uskayaw
Vehumet
Wu Jian
Yredelemnul
Zin
The Shining One
Lugonu

Shops:
D:6 ?


Innate Abilities, Weirdness & Mutations

You can breathe waves of freezing cold which knock back foes.
Your icy white scales are hard. (AC +7)
You cannot fit into any form of body armour.
Your flesh is cold resistant. (rC+)
You are cold-blooded and may be slowed by cold attacks.


Message History

You tail-slap the boulder beetle, but do no damage.
The boulder beetle is lightly wounded.
The boulder beetle bites you!
* * * LOW HITPOINT WARNING * * *
You hit the boulder beetle.
The boulder beetle is moderately wounded.
The boulder beetle bites you but does no damage.
You slash the boulder beetle!
The boulder beetle is moderately wounded.
The boulder beetle bites you but does no damage.
You hit the boulder beetle. You tail-slap the boulder beetle.
The boulder beetle is heavily wounded.
You slash the boulder beetle!
The boulder beetle is severely wounded.
The boulder beetle bites you.
* * * LOW HITPOINT WARNING * * *
You slash the boulder beetle! You tail-slap the boulder beetle.
The boulder beetle is almost dead.
You have got your breath back.
The boulder beetle bites you!
* * * LOW HITPOINT WARNING * * *
You hit the boulder beetle but do no damage.
You tail-slap the boulder beetle, but do no damage.
The boulder beetle is almost dead.
The boulder beetle leaps!
The yak gores you but does no damage.
The boulder beetle leaps!
You see here a howler monkey corpse.
You hit the yak.
The yak is severely wounded.
You slash the yak!
The yak is almost dead.
The yak gores you.
* * * LOW HITPOINT WARNING * * *
You closely miss the yak.
The yak is almost dead.
You block the yak's attack.
You barely miss the yak.
The yak is almost dead.
The yak gores you!
You die...

##.....#.~~~~.:#
.......#.~○B~..#
....#.#.~~~≈..#
.>...†.†≈~~~...
#ZZ..~...#
#zZ..#####
#z#### #Y#
#@##### #.....#
#####.# #.#
###.# #...#
#.### #.# #<#


You could see a yak, 2 wights and 3 centaur zombies.

Vanquished Creatures
  Pikel (D:4)
  3 yaks (D:8)
  Eustachio (D:6)
  An acid dragon (D:7)
  An orc warrior (D:7)
  An ice beast (D:7)
  3 sky beasts (D:6)
  An ogre (D:6)
  A phantom (D:5)
  2 bullfrogs (D:7)
  A gnoll sergeant (D:5)
  3 scorpions
  6 howler monkeys
  4 hounds
  3 orc priests
  A jelly (D:7)
  4 iguanas
  Ijyb (D:4)
  Terence (D:3)
  6 orc wizards
  A killer bee zombie (D:8)
  5 gnolls
  6 adders
  A shadow imp (D:6)
  2 white imps (D:6)
  A worm (D:4)
  2 dart slugs (D:4)
  18 orcs
  9 ball pythons
  4 endoplasms
  4 giant cockroaches
  5 goblins
  4 hobgoblins
  4 jackals (D:4)
  7 kobolds
  3 quokkas
  4 bats
  3 frilled lizards
  3 rats
131 creatures vanquished.

Notes
Turn   | Place    | Note
-------+----------+-------------------------------------------
     0 | D:1      | Maratek the Draconian Fighter began the quest for the Orb.
     0 | D:1      | Reached XP level 1. HP: 19/19 MP: 1/1
   173 | D:1      | Reached XP level 2. HP: 26/26 MP: 2/2
   923 | D:2      | Identified the ring "Fomull" {rElec rPois rC+ rCorr Int-3}
  1185 | D:2      | Reached XP level 3. HP: 33/33 MP: 3/3
  1293 | D:2      | Reached XP level 4. HP: 40/40 MP: 4/4
  1596 | D:3      | Noticed Terence
  1600 | D:3      | Killed Terence
  1601 | D:3      | Reached skill level 4 in Fighting
  1645 | D:3      | Found a burning altar of Makhleb.
  1666 | D:3      | Got the Reference Book on the Lungs and the Tesseract
  1931 | D:3      | Found a faded altar of an unknown god.
  1974 | D:3      | Reached XP level 5. HP: 46/46 MP: 5/5
  2388 | D:4      | Noticed a lemure
  2390 | D:4      | Found a staircase to the Ecumenical Temple.
  2390 | D:4      | Noticed a lemure
  2392 | D:4      | Noticed a lemure
  2393 | D:4      | Noticed Pikel
  2394 | D:4      | Noticed a lemure
  2411 | D:4      | Killed Pikel
  2412 | D:4      | Reached skill level 5 in Fighting
  2412 | D:4      | Reached XP level 6. HP: 24/56 MP: 6/6
  2412 | D:4      | Your scales start taking on an icy white colour.
  2412 | D:4      | Reached XP level 7. HP: 26/61 MP: 7/7
  2412 | D:4      | Gained mutation: Your flesh is cold resistant. (rC+) [White
                  | Draconian growth]
  2422 | Temple   | Entered the Ecumenical Temple
  2438 | Temple   | Became a worshipper of Lugonu the Unformed
  3216 | D:4      | Noticed Ijyb
  3232 | D:4      | Killed Ijyb
  3258 | D:4      | Reached skill level 5 in Shields
  3428 | D:4      | Found a stormy altar of Qazlal.
  3483 | D:4      | Found an ornate altar of the Wu Jian Council.
  3489 | D:4      | Found a shimmering blue altar of Sif Muna.
  4005 | D:5      | Entered Level 5 of the Dungeon
  4413 | D:5      | Reached skill level 6 in Fighting
  4413 | D:5      | Reached skill level 5 in Dodging
  4413 | D:5      | Reached XP level 8. HP: 70/70 MP: 8/8
  4547 | D:5      | Reached skill level 5 in Axes
  4613 | D:5      | Identified the +5 dagger of the Nexus {vamp, Int+3}
  4695 | D:5      | Found a radiant altar of Vehumet.
  4893 | D:6      | Found a glowing golden altar of the Shining One.
  4899 | D:6      | Reached * piety under Lugonu
  4945 | D:6      | Found a hazy altar of Hepliaklqana.
  5160 | D:6      | Noticed Eustachio
  5194 | D:6      | Killed Eustachio
  5637 | D:6      | Reached skill level 7 in Fighting
  5667 | D:6      | Found Fuaffi's Magic Scroll Shop.
  5670 | D:6      | Bought a scroll of identify for 30 gold pieces
  5670 | D:6      | Bought a scroll of identify for 30 gold pieces
  5768 | D:7      | HP: 3/73 [orc warrior/+0 scimitar (15)]
  5771 | D:7      | Reached XP level 9. HP: 5/79 MP: 9/9
  6163 | D:7      | Reached ** piety under Lugonu
  6614 | D:7      | Found a blossoming altar of Fedhas.
  6914 | D:8      | Noticed a boulder beetle
  6941 | D:8      | Reached skill level 8 in Fighting
  6969 | D:8      | Slain by a yak

Illustrated notes

Levels and vault maps discovered:
D:1:      mrwooster_arrival_statue, layout_basic
D:2:      minmay_diamond_boxcup, layout_loops_cross,
          minmay_randomly_rotated_circles
D:3:      layout_loops_ring, mainiacjoe_overflow_tiny_flanked,
          nicolae_ecumenical_lake_church, uniq_terence
D:4:      layout_loops_ring, grunt_qazlal_clouds, minitemple,
          minmay_temple_entry_statues_fountains, hangedman_minor_gate_pass,
          uniq_ijyb, uniq_pikel
D:5:      layout_loops_cross, general_overflow_altar, dk_noncrumbling_2
D:6:      layout_loops_cross, worldfamousw_hep_ancestral_shrine,
          amcnicky_altar_gilded, serial_shops, nicolae_shop_real_fake_doors,
          uniq_eustachio
D:7:      layout_gridville, fedhas_altar_1
D:8:      layout_basic, okawaru_ov_weapons_minmay, serial_undead,
          serial_undead_f, serial_undead_a, serial_undead_a, serial_undead_a,
          serial_undead_f, serial_undead_e, serial_undead_b,
          nicolae_ossuary_entry_monument, uniq_joseph
Temple:   corrupted_temple

Skill      XL: |  1  2  3  4  5  6  7  8  9 |
---------------+----------------------------+-----
Dodging        | 3 4 5 6 |  6.7
Fighting       | 4 5 6 7 8 |  8.1
Axes           | 3 4 6 7 |  7.0
Shields        | 4 5 6 7 |  7.4

Action                     |  1- 3 |  4- 6 |  7- 9 || total
---------------------------+-------+-------+-------++-------
  Melee: War axe           |    91 |    64 |   290 ||   445
         Tailslap          |     3 |     7 |    39 ||    49
Ability: Breathe Frost     |       |       |    19 ||    19
    Use: Scroll            |     4 |     4 |     9 ||    17
         Potion            |       |     2 |     3 ||     5
   Stab: Sleeping          |       |     1 |       ||     1
 Armour: Skin              |    56 |    32 |   202 ||   290
  Dodge: Dodged            |    54 |    32 |   154 ||   240
  Block: Buckler           |    23 |    12 |    11 ||    46
         Kite shield       |       |       |   127 ||   127

Table legend: (Time is in decaauts)
 A = Elapsed time spent in this place.
 B = Non-inter-level travel time spent in this place.
 C = Inter-level travel time spent in this place.
 D = Time resting spent in this place.
 E = Time spent auto-exploring this place.
 F = Levels seen in this place.
 G = Mean time per level.
                   A        B        C        D        E       F      G
               +--------+--------+--------+--------+--------+-----+--------+
         Total |   7122 |   6876 |    246 |   1229 |   4517 |   9 |  791.3 |
       Dungeon |   6509 |   6291 |    218 |    647 |   4517 |   8 |  813.6 |
        Temple |    612 |    584 |     28 |    582 |      0 |   1 |  612.0 |
               +--------+--------+--------+--------+--------+-----+--------+

Top non-repeatable levels by time:
     D:7: 1205 daAuts
     D:4: 1038 daAuts
     D:2: 903 daAuts
     D:5: 881 daAuts
     D:6: 865 daAuts
     D:3: 820 daAuts
     D:1: 716 daAuts
  Temple: 612 daAuts
     D:8: 75 daAuts
